 Dungeon Crawl Stone Soup version 0.16-a0-1784-gf5591c9 (webtiles) character file.

161 Gorice the Slasher (level 5, -1/41 HPs)
             Began as a Demonspawn Wanderer on Nov 1, 2014.
             Slain by a phantom (3 damage)
             ... on level 3 of the Dungeon.
             The game lasted 00:19:29 (2388 turns).

Gorice the Slasher (Demonspawn Wanderer)            Turns: 2388, Time: 00:19:29

Health: -1/41      AC:  8    Str: 12    XL:     5   Next: 18%
Magic:  7/7        EV:  9    Int: 13    God:
Gold:   223        SH:  2    Dex: 14    Spells: 0 memorised, 6 levels left

rFire  . . .     SeeInvis .     m - -2 hunting sling (curse)
rCold  . . .     Clarity  .     e - +1 ring mail
rNeg   . . .     SustAb   .     (no shield)
rPois  +         Gourm    .     (helmet restricted)
rElec  .         Spirit   .     (no cloak)
rCorr  .         Warding  .     (no gloves)
rMut   .         Stasis   .     (no boots)
MR     .....                    (no amulet)
Stlth  ++........               p - ring of stealth
                                i - ring of poison resistance

@: not resistant to hostile enchantments, unstealthy
A: antennae 1, large bone plates 1, powered by death 1
a: no special abilities


You were on level 3 of the Dungeon.
You were not hungry.

You visited 1 branch of the dungeon, and saw 4 of its levels.

You collected 223 gold pieces.

Inventory:

Hand weapons
 a - a +2 falchion
 b - a +4 hunting sling
 d - a +0 dagger of venom
 m - a cursed -2 hunting sling (weapon)
 y - a +0 dagger
Missiles
 l - 28 poisoned needles
 x - 15 bolts
 z - 2 throwing nets
 Z - 3 stones (quivered)
Armour
 e - a +1 ring mail (worn)
 r - a +0 leather armour
Jewellery
 i - a ring of poison resistance (left hand)
 p - a ring of stealth (right hand)
Magical devices
 B - a wand of enslavement (12)
 D - a wand of fire (12)
Scrolls
 j - 3 scrolls of teleportation
 A - 2 scrolls of enchant armour
Potions
 k - 2 potions of haste
 n - a potion of curing
 o - 2 potions of agility
 s - a potion of brilliance
 t - a potion of cure mutation
Books
 h - the Almanac of Enchantment

   Spells                             Type                      Level
   Corona                             Hexes                        1
   Spectral Weapon                    Hexes/Charms                 3
Comestibles
 f - 2 bread rations
 g - 2 fruits
 q - 3 meat rations
 u - 3 beef jerkies
 v - a chunk of flesh
 w - 3 slices of pizza


   Skills:
 - Level 3.0 Fighting
 * Level 3.4 Long Blades
 - Level 1.0 Throwing
 + Level 2.8 Dodging
 - Level 1.0 Stealth
 - Level 1.0 Spellcasting
   Level 1.7 Translocations
 - Level 1.0 Evocations


You had 6 spell levels left.
You didn't know any spells.

Dungeon Overview and Level Annotations

Branches:
Dungeon (4/15)
 Temple: D:4-7

Altars:
Elyvilon


Innate Abilities, Weirdness & Mutations

You have a pair of small antennae on your head.
You are partially covered in large bone plates (AC +2, SH +2).
You can steal the life force of nearby defeated enemies.


Message History

Firing (i - inventory. (,) - cycle):
Z - 6 stones (quivered)
Press: ? - help, Shift-Dir - straight line, f/p - phantom
Aim: a phantom (moderately damaged)
You shoot a stone.
The stone hits the phantom but does no damage.
The phantom is moderately damaged.
The phantom hits you but does no damage.
Firing (i - inventory. (,) - cycle):
Z - 5 stones (quivered)
Press: ? - help, Shift-Dir - straight line, f/p - phantom
Aim: a phantom (moderately damaged)
You shoot a stone. The stone hits the phantom.
The phantom is heavily damaged.
The phantom hits you but does no damage.
Firing (i - inventory. (,) - cycle):
Z - 4 stones (quivered)
Press: ? - help, Shift-Dir - straight line, f/p - phantom
Aim: a phantom (heavily damaged)
You shoot a stone. The stone hits the phantom.
The phantom is heavily damaged.
The phantom hits you.
You die...

.# .####### ##### .......# #...#
.......######## #...#
.....†.....((.######...### ######
.......###....(....#.....###.....
.......##......(##.#...#...#.....
.......#........(#..(....!.......
...........(.(((@(.(.......#.....
.......#..(.(((.W................
.......##(..(...(................
............(...(................
##.#.######.....(.......#.#......
##...........##.........#.#......
.........#.####.........#.####...
........................#..##[...
.............##..................


You could see a phantom.

Vanquished Creatures
  An orc wizard (D:3)
  A gnoll (D:1)
  4 adders
  A worm (D:3)
  2 giant geckos
  2 oozes
  7 orcs (D:3)
  9 bats
  3 giant cockroaches
  10 goblins
  4 hobgoblins
  9 jackals
  2 quokkas (D:2)
  4 giant newts
  5 kobolds
  6 rats
70 creatures vanquished.

Notes
Turn   | Place    | Note
--------------------------------------------------------------
     0 | D:1      | Gorice, the Demonspawn Wanderer, began the quest for the Orb.
     0 | D:1      | Reached XP level 1. HP: 18/18 MP: 2/2
     0 | D:1      | Identified the Almanac of Enchantment
   199 | D:1      | Reached skill level 1 in Dodging
   223 | D:1      | Gained mutation: You are partially covered in large bone plates (AC +2, SH +2). [demonic ancestry]
   223 | D:1      | Reached XP level 2. HP: 21/24 MP: 3/3
   409 | D:1      | Gained mutation: You can steal the life force of nearby defeated enemies. [demonic ancestry]
   409 | D:1      | Reached XP level 3. HP: 21/29 MP: 4/4
  1669 | D:3      | Reached XP level 4. HP: 35/35 MP: 5/5
  1685 | D:3      | Found a white marble altar of Elyvilon.
  2048 | D:3      | Gained mutation: You have a pair of small antennae on your head. [demonic ancestry]
  2048 | D:3      | Reached XP level 5. HP: 41/41 MP: 7/7
  2319 | D:4      | Noticed a phantom
  2384 | D:3      | HP: 2/41 [phantom (7)]
  2388 | D:3      | Slain by a phantom

Action                   |  1- 3 |  4- 6 || total
-------------------------+-------+-------++-------
Melee: Falchion          |   111 |    51 ||   162
       Hunting sling     |       |     2 ||     2
 Fire: Hunting sling     |    18 |   105 ||   123
Throw: Stone             |     1 |       ||     1
       Throwing net      |       |     2 ||     2
Evoke: Wand              |       |     1 ||     1
  Use: Scroll            |     5 |     4 ||     9
       Potion            |       |     3 ||     3
  Eat: Chunk             |     2 |     3 ||     5
